 Dungeon Crawl Stone Soup version 0.31-a0-187-gba352fbbf7 (webtiles) character file.

Game seed: 9211125479539836671

72 qw the Shooter (level 4, -1/25 HPs)
             Began as a Deep Elf Hunter on June 22, 2023.
             Slain by an orc
             ... wielding a +0 war axe
              (7 damage)
             ... on level 3 of the Dungeon.
             The game lasted 00:00:37 (1962 turns).

qw the Shooter (Deep Elf Hunter)                    Turns: 1962, Time: 00:00:38

Health: -1/25      AC:  7    Str:  8 (10) XL:     4   Next: 7%
Magic:  6/6        EV: 10    Int: 11 (14) God:
Gold:   83         SH:  0    Dex: 16 (18) Spells: 3/3 levels left

rFire   . . .        Y - +1 shortbow
rCold   . . .        (shield currently unavailable)
rNeg    . . .        e - +0 ring mail
rPois   .            m - +0 helmet
rElec   .            (no cloak)
rCorr   +            h - +0 pair of gloves
SInv    .            (no boots)
Will    .....        k - amulet of regeneration
Stlth   +            b - ring of resist corrosion
HPRegen 1.04/turn    (no ring)
MPRegen 0.10/turn

%: no passive effects
@: no status effects
A: no striking features
a: no special abilities


You were on level 3 of the Dungeon.
You visited 1 branch of the dungeon, and saw 3 of its levels.

You collected 83 gold pieces.


   Skills:
 - Level 1.5 Fighting
 + Level 7.5 Ranged Weapons
 - Level 2.4 Dodging
 - Level 1.2 Stealth


You had 3 spell levels left.
You didn't know any spells.
Your spell library was empty.

Inventory:

Hand Weapons
 Y - a +1 shortbow (weapon)
Armour
 e - a +0 ring mail (worn)
 h - a +0 pair of gloves (worn)
 m - a +0 helmet (worn)
Jewellery
 b - a ring of resist corrosion (left hand)
 k - an amulet of regeneration (around neck)
Potions
 a - a potion of mutation {unknown}
 c - a potion of lignification {unknown}
 d - a potion of magic {unknown}
 f - a potion of curing {unknown}
 g - a potion of might {unknown}
 l - a potion of haste {unknown}

Dungeon Overview and Level Annotations

Branches:
Dungeon (3/15)

Altars:


Message History

You shoot an arrow. The arrow closely misses the orc.
The bat closely misses you. The orc hits you but does no damage.
The bat closely misses you.
You shoot an arrow. The arrow hits the orc.
You kill the orc!
The bat closely misses you. The bat hits you but does no damage.
You shoot an arrow. The arrow misses the bat.
The bat hits you but does no damage. The bat barely misses you.
You shoot an arrow. The arrow hits the orc.
The orc is severely wounded.
The bat completely misses you. The orc closely misses you.
You shoot an arrow. The arrow hits the orc.
The orc is almost dead.
The bat barely misses you.
You shoot an arrow. The arrow hits the orc.
You kill the orc!
The bat closely misses you. The orc priest barely misses you.
The orc priest invokes the aid of Beogh against you.
Beogh smites you!
You feel your strength returning.
You shoot an arrow.
The arrow closely misses the orc priest.
The bat closely misses you.
The orc priest looks encouraged for a moment.
You shoot an arrow.
The arrow closely misses the orc priest.
The bat barely misses you. x2; The orc priest barely misses you.
You shoot an arrow. The arrow hits the orc priest.
The orc priest is moderately wounded.
The bat hits you but does no damage. The orc priest barely misses you.
The orc barely misses you.
You shoot an arrow. The arrow hits the orc priest.
The orc priest is severely wounded.
The bat barely misses you.
The orc priest hits you with a +0 dagger.
The orc barely misses you.
You shoot an arrow. The arrow hits the orc priest.
You kill the orc priest!
The bat completely misses you. The orc hits you with a +0 war axe! x2
You die...

.. #.####.#.#
#.# #.# ..
#.#....#.# #.#
#.# .
#.#.#....# #.#
#.# #.#.#.####
#.#####.#
#.#...#
#.......#
#....##
#########
#####..#######
#.............
...###@#######.
# #.bo)......
......)#####.
...>)###.#
..... .# ....
.# ... ## ...


You could see an orc and a bat.

Vanquished Creatures
  An orc priest (D:3)
  2 adders
  2 dart slugs (D:1)
  5 orcs
  2 endoplasms
  4 goblins
  4 hobgoblins
  6 jackals
  A quokka (D:1)
  7 ball pythons
  3 bats
  2 kobolds (D:1)
  3 rats
42 creatures vanquished.

Notes
Turn   | Place    | Note
-------+----------+-------------------------------------------
     0 | D:1      | qw the Deep Elf Hunter began the quest for the Orb.
     0 | D:1      | Reached XP level 1. HP: 12/12 MP: 3/3
     0 | D:1      | 0 ||| qw: Version: 0.3-a-9-g12657ce
     0 | D:1      | 0 ||| qw: Game counter: 2496
     0 | D:1      | 0 ||| qw: Always use a shield: true
     0 | D:1      | 0 ||| qw: God list: Okawaru
     0 | D:1      | 0 ||| qw: Allow faded altars: false
     0 | D:1      | 0 ||| qw: Do Orc after D:15 true
     0 | D:1      | 0 ||| qw: Do second Lair branch before Depths: true
     0 | D:1      | 0 ||| qw: Lair rune preference: random
     0 | D:1      | 0 ||| qw: Plans: Normal
     0 | D:1      | 0 ||| PLANNING D:1-11
   250 | D:1      | Identified the +9 hand axe of Wulumie {holy, rN+ Int+2
                  | Stlth+}
   373 | D:1      | Reached skill level 6 in Ranged Weapons
   373 | D:1      | Reached XP level 2. HP: 16/16 MP: 4/4
   415 | D:1      | 415 ||| Stepping ~*~*~tactically~*~*~ (water).
   916 | D:1      | 916 ||| UPGRADING to +0 ring mail.
   926 | D:1      | 926 ||| DROPPING +0 leather armour.
   927 | D:1      | 927 ||| UPGRADING to amulet of the acrobat.
   932 | D:1      | 932 ||| DRINKING 2 fizzy emerald potions.
   933 | D:1      | 933 ||| DROPPING scroll of butterflies.
   934 | D:1      | 934 ||| DROPPING potion of degeneration.
   968 | D:2      | Reached XP level 3. HP: 20/20 MP: 5/5
  1087 | D:2      | Reached skill level 7 in Ranged Weapons
  1432 | D:2      | Found a faded altar of an unknown god.
  1658 | D:2      | 1658 ||| UPGRADING to +0 pair of gloves.
  1663 | D:2      | 1663 ||| UPGRADING to +0 helmet.
  1668 | D:2      | 1668 ||| UPGRADING to amulet of regeneration.
  1678 | D:2      | 1678 ||| DROPPING amulet of the acrobat.
  1679 | D:2      | 1679 ||| UPGRADING to ring of resist corrosion.
  1680 | D:2      | 1680 ||| READING scroll labelled QUUMETWUOM.
  1684 | D:2      | 1684 ||| READING scroll labelled USTUTU LIXYE.
  1685 | D:2      | 1685 ||| READING scroll labelled QOCRUG TYTATSE.
  1947 | D:3      | Reached XP level 4. HP: 25/25 MP: 6/6
  1962 | D:3      | HP: 6/25 [orc/+0 war axe (8)]
  1962 | D:3      | Slain by an orc

Levels and vault maps discovered:
D:1:      psy_arrival_radial02, layout_loops_corners, dk_noncrumbling_3,
          serial_bayou_ford_a, minmay_misc_feat_four_crosses
D:2:      layout_loops_ring, hellmonk_ecumenical_altar_defaced_shrine
D:3:      layout_basic, nicolae_figureground_sparkle

Skill      XL: |  1  2  3 |
---------------+----------+-----
Ranged Weapons | 6 7 |  7.5
Fighting       | |  1.5
Dodging        | |  2.4
Stealth        | |  1.2

Action                     |  1- 3 |  4- 6 || total
---------------------------+-------+-------++-------
   Fire: Shortbow          |   104 |    15 ||   119
    Use: Potion            |     1 |       ||     1
         Scroll            |     3 |       ||     3
 Armour: Leather armour    |     1 |       ||     1
         Ring mail         |     8 |     4 ||    12
  Dodge: Dodged            |    22 |    18 ||    40

Table legend:
 A = Non-vault XP
 B = Vault XP
 C = Vault XP percentage of total XP
 D = Non-vault monster count
 E = Vault monster count
 F = Vault count percentage of total count
                 A         B        C        D         E       F
            +---------+---------+-------+---------+---------+-------
      Total |     136 |       9 |   6.2 |      39 |       3 |   7.1
            +---------+---------+-------+---------+---------+-------
        D:1 |      39 |       0 |   0.0 |      20 |       0 |   0.0
        D:2 |      35 |       9 |  20.5 |      14 |       3 |  17.6
        D:3 |      62 |       0 |   0.0 |       5 |       0 |   0.0
            +---------+---------+-------+---------+---------+-------
